 Dungeon Crawl Stone Soup version 0.29.0-4-gdea44cf6ec (webtiles) character file.

Game seed: 9250437651667113586

480 qw the Chopper (level 7, 0/40 HPs)
             Began as a Tengu Warper on Aug 28, 2022.
             Slain by a gnoll
             ... wielding a +0 spear
             ... led by a gnoll bouda
              (3 damage)
             ... on level 4 of the Dungeon.
             The game lasted 00:00:28 (4808 turns).

qw the Chopper (Tengu Warper)                       Turns: 4808, Time: 00:00:29

Health: 0/40       AC: 13    Str: 13    XL:     7   Next: 11%
Magic:  11/11      EV:  9    Int: 14    God:
Gold:   211        SH:  0    Dex: 13    Spells: 10/10 levels left

rFire   . . .      SeeInvis +   Y - +0 hand axe
rCold   . . .      Faith    .   (no shield)
rNeg    . . .      Spirit   .   b - +0 plate armour
rPois   .          Reflect  .   (helmet restricted)
rElec   .          Harm     .   f - +0 cloak
rCorr   .          Rampage  .   (no gloves)
Will    .....                   (boots unavailable)
Stlth   ..........              (no amulet)
HPRegen 0.13/turn               h - ring of see invisible
MPRegen 0.12/turn               l - +4 ring of evasion

@: flying quickly and evasively, quick
A: beak, talons 3, nimble flight
a: no special abilities


You were on level 4 of the Dungeon.
You visited 1 branch of the dungeon, and saw 4 of its levels.

You collected 211 gold pieces.


Innate Abilities, Weirdness & Mutations

You have a beak for a mouth.
You have claws for feet.
Your magical nature lets you fly swiftly and evasively.


   Skills:
 + Level 2.3 Fighting
 - Level 7.0 Axes
 - Level 1.0 Throwing
 - Level 4.1 Armour
 - Level 2.1 Dodging
 - Level 2.0 Spellcasting
 - Level 2.4 Translocations


You had 10 spell levels left.
You didn't know any spells.
Your spell library contained the following spells:

 Spells                   Type           Power      Damage    Failure   Level
 Blink                    Tloc           16%        N/A       100%        2
 Gell's Gravitas          Tloc           8%         N/A       100%        3
 Lesser Beckoning         Tloc           8%         N/A       100%        3
 Teleport Other           Tloc           8%         N/A       100%        3
 Manifold Assault         Tloc           8%         N/A       100%        5

Inventory:

Hand Weapons
 k - a +0 flail
 Y - a +0 hand axe (weapon)
Armour
 b - a +0 plate armour (worn)
 f - a +0 cloak (worn)
Jewellery
 h - a ring of see invisible (left hand)
 l - a +4 ring of evasion (right hand)
Scrolls
 a - a scroll of identify
Potions
 c - a potion of invisibility {unknown}
 d - a potion of might
 e - a potion of magic {unknown}
 g - a potion of lignification {unknown}
 i - 3 potions of curing {unknown}
 j - a potion of flight {unknown}
 m - 2 potions of attraction {unknown}

Dungeon Overview and Level Annotations

Branches:
Dungeon (4/15)
 Temple: D:4-7

Altars:
Vehumet

Annotations:
D:3 2 transporters


Message History

You hit the gnoll.
The gnoll bouda barks out a call to the hunt!
The gnoll picks up the pace!
The gnoll hits you but does no damage.
You hit the gnoll. You claw the gnoll. You peck the gnoll, but do no damage.
The gnoll is severely wounded.
You hit the gnoll bouda but do no damage.
The gnoll bouda hits you with a +0 whip!
The gnoll barely misses you. The gnoll hits you but does no damage.
You hit the gnoll but do no damage. You peck the gnoll.
You punch the gnoll, but do no damage.
The gnoll is severely wounded.
You closely miss the gnoll bouda.
Your attacks no longer feel as feeble.
The gnoll bouda hits you but does no damage.
The gnoll hits you from afar with a +0 spear.
The gnoll barely misses you.
You hit the gnoll but do no damage. You claw the gnoll, but do no damage.
Your peck misses the gnoll.
The gnoll is severely wounded.
You barely miss the gnoll bouda. The gnoll bouda barely misses you.
The gnoll hits you from afar with a +0 spear.
The gnoll barely misses you.
You hit the gnoll. Your peck misses the gnoll.
The gnoll is almost dead.
You closely miss the gnoll bouda.
The gnoll bouda hits you with a +0 whip.
The gnoll closely misses you.
You hit the gnoll.
You kill the gnoll!
You closely miss the gnoll bouda.
The gnoll bouda hits you with a +0 whip!
The gnoll barely misses you.
You hit the gnoll bouda but do no damage.
You peck the gnoll bouda, but do no damage.
The gnoll bouda is moderately wounded.
The gnoll bouda hits you but does no damage.
The gnoll hits you from afar with a +0 spear.
You die...

##....## ###.#
#.....## #.##
##......## ##.##
#........###....
##.....##....####
####.....###..### #
######.......###...#
#.........#...##...# #
##..####@.##......## #
# #.)g.# #...... ##
#..g.............# ##.
##.####..####.##...#..
#. ..# #.# ##.... #
..# #...#. .)# #..#..
.# ...##.. ...#...


You could see a gnoll bouda and a gnoll (swift).

Vanquished Creatures
  A black bear (D:4)
  2 scorpions (D:4)
  2 jellies (D:4)
  A hound (D:4)
  Robin (D:2)
  2 gnolls (D:4)
  5 adders
  A worm (D:3)
  5 dart slugs
  4 orcs (D:4)
  3 endoplasms
  14 giant cockroaches
  17 goblins
  7 hobgoblins
  6 quokkas
  7 ball pythons
  3 bats
  5 kobolds
  A rat (D:2)
87 creatures vanquished.

Notes
Turn   | Place    | Note
-------+----------+-------------------------------------------
     0 | D:1      | qw the Tengu Warper began the quest for the Orb.
     0 | D:1      | Reached XP level 1. HP: 12/12 MP: 4/4
     0 | D:1      | 0 ||| qw: Version: 0.1-a-89-g26bdef1
     0 | D:1      | 0 ||| qw: Game counter: 560
     0 | D:1      | 0 ||| qw: Always use a shield: true
     0 | D:1      | 0 ||| qw: God list: Okawaru
     0 | D:1      | 0 ||| qw: Allow faded altars: false
     0 | D:1      | 0 ||| qw: Do Orc after D:15 true
     0 | D:1      | 0 ||| qw: Do second Lair branch before Depths: true
     0 | D:1      | 0 ||| qw: Lair rune preference: random
     0 | D:1      | 0 ||| qw: Plans: Normal
     0 | D:1      | 0 ||| PLANNING D:1-11
   137 | D:1      | Reached XP level 2. HP: 17/17 MP: 6/6
   241 | D:1      | Reached skill level 3 in Axes
   502 | D:1      | 502 ||| Stepping ~*~*~tactically~*~*~ (hiding).
   510 | D:1      | 510 ||| Stepping ~*~*~tactically~*~*~ (stealth).
   511 | D:1      | 511 ||| Stepping ~*~*~tactically~*~*~ (hiding).
   675 | D:1      | 675 ||| Stepping ~*~*~tactically~*~*~ (stealth).
   890 | D:1      | 890 ||| UPGRADING to +0 chain mail.
   900 | D:1      | 900 ||| DROPPING +0 leather armour.
   901 | D:1      | 901 ||| READING scroll labelled YTATZU TUNGALI.
   902 | D:1      | 902 ||| READING scroll labelled DUBRAERENA.
   903 | D:1      | 903 ||| READING scroll labelled KEGULIQYIF.
   904 | D:1      | 904 ||| READING scroll labelled HETIXT OLOO.
   905 | D:1      | 905 ||| DROPPING scroll of blinking.
   974 | D:2      | Noticed Robin
   975 | D:2      | 975 ||| Stepping ~*~*~tactically~*~*~ (hiding).
  1011 | D:2      | 1011 ||| Stepping ~*~*~tactically~*~*~ (stealth).
  1024 | D:2      | 1024 ||| Stepping ~*~*~tactically~*~*~ (stealth).
  1027 | D:2      | Reached XP level 3. HP: 21/21 MP: 7/7
  1039 | D:2      | 1039 ||| Stepping ~*~*~tactically~*~*~ (stealth).
  1041 | D:2      | 1041 ||| Stepping ~*~*~tactically~*~*~ (hiding).
  1053 | D:2      | Reached skill level 4 in Axes
  1093 | D:2      | HP: 5/21 [poisoned by an adder]
  1096 | D:2      | HP: 2/21 [poisoned by an adder]
  1181 | D:2      | 1181 ||| FLEEEEING.
  1365 | D:2      | 1365 ||| Stepping randomly (stuck).
  1370 | D:2      | 1370 ||| Stepping ~*~*~tactically~*~*~ (stealth).
  1377 | D:2      | Killed Robin
  1380 | D:2      | 1380 ||| DROPPING +0 club.
  1455 | D:2      | Reached XP level 4. HP: 26/26 MP: 8/8
  1490 | D:2      | 1490 ||| DROPPING +0 whip.
  1656 | D:2      | Reached skill level 5 in Axes
  1825 | D:2      | Found a radiant altar of Vehumet.
  2094 | D:2      | 2094 ||| UPGRADING to +0 plate armour.
  2104 | D:2      | 2104 ||| DROPPING +0 chain mail.
  2105 | D:2      | 2105 ||| UPGRADING to +0 cloak.
  2110 | D:2      | 2110 ||| UPGRADING to ring of see invisible.
  2111 | D:2      | 2111 ||| UPGRADING to +4 ring of evasion.
  2112 | D:2      | 2112 ||| READING scroll labelled DATUHU XEHOY.
  2255 | D:2      | 2255 ||| READING scroll labelled GAYKHLECLICH.
  2260 | D:2      | 2260 ||| DRINKING 2 fuming amethyst potions.
  2261 | D:2      | 2261 ||| DROPPING potion of degeneration.
  2347 | D:3      | 2347 ||| FLEEEEING.
  2348 | D:3      | 2348 ||| FLEEEEING.
  2349 | D:3      | 2349 ||| FLEEEEING.
  2350 | D:3      | 2350 ||| FLEEEEING.
  2363 | D:3      | 2363 ||| FLEEEEING.
  2367 | D:3      | 2367 ||| STAIRDANCE
  2533 | D:3      | 2533 ||| Stepping ~*~*~tactically~*~*~ (stealth).
  2538 | D:3      | 2538 ||| Stepping ~*~*~tactically~*~*~ (stealth).
  2539 | D:3      | 2539 ||| Stepping ~*~*~tactically~*~*~ (stealth).
  2656 | D:3      | Gained mutation: Your magical nature lets you fly swiftly
                  | and evasively. [Tengu growth]
  2656 | D:3      | Reached XP level 5. HP: 20/30 MP: 9/9
  2913 | D:3      | Found a transporter.
  2944 | D:3      | Found a transporter.
  3516 | D:3      | Identified the +0 scale mail "Trusted Companion" {rF+}
  3517 | D:3      | 3517 ||| READING 2 scrolls of identify.
  3517 | D:3      | 3517 ||| IDENTIFYING grey potion
  3602 | D:4      | Reached skill level 6 in Axes
  3713 | D:4      | 3713 ||| Stepping ~*~*~tactically~*~*~ (stealth).
  3723 | D:4      | Reached XP level 6. HP: 32/35 MP: 10/10
  3753 | D:4      | 3753 ||| DROPPING +1 mace of holy wrath.
  3765 | D:4      | Noticed a black bear
  3781 | D:4      | Killed a black bear
  4006 | D:4      | HP: 8/35 [poisoned by a scorpion]
  4456 | D:4      | Reached XP level 7. HP: 36/40 MP: 11/11
  4668 | D:4      | Reached skill level 7 in Axes
  4732 | D:4      | 4732 ||| Stepping ~*~*~tactically~*~*~ (stealth).
  4791 | D:4      | 4791 ||| Stepping ~*~*~tactically~*~*~ (stealth).
  4793 | D:4      | 4793 ||| Stepping ~*~*~tactically~*~*~ (hiding).
  4806 | D:4      | HP: 10/40 [gnoll bouda/+0 whip (3)]
  4807 | D:4      | HP: 3/40 [gnoll bouda/+0 whip (7)]
  4808 | D:4      | Slain by a gnoll

Levels and vault maps discovered:
D:1:      noname_arrival_rooms_in_the_neighbourhood, layout_basic
D:2:      minmay_roachtagon, layout_basic, basic_altar, serial_aquarium,
          aquarium_bridge_straight [aquarium_subvault_bridge,
          aquarium_subvault_wall, aquarium_subvault_bridge,
          aquarium_subvault_wall], aquarium_bridge_long_joined
          [aquarium_subvault_balcony, aquarium_subvault_wall,
          aquarium_subvault_balcony, aquarium_subvault_bridge,
          aquarium_subvault_bridge, aquarium_subvault_bridge],
          aquarium_window_1, aquarium_window_3, aquarium_view_2d, uniq_robin
D:3:      gammafunk_steamed_eel, layout_basic, minivault_5
D:4:      layout_layer_cave

Skill      XL: |  1  2  3  4  5  6  7 |
---------------+----------------------+-----
Axes           | 3 4 5 6 7 |  7.0
Armour         | 2 4 |  4.1
Fighting       | |  2.3
Throwing       | |  1.0
Dodging        | |  2.1
Spellcasting   | |  2.0
Translocations | |  2.4

Action                   |  1- 3 |  4- 6 |  7- 9 || total
-------------------------+-------+-------+-------++-------
Melee: Hand axe          |    63 |   168 |    32 ||   263
       Kick              |    18 |    46 |     8 ||    72
       Peck              |    10 |    26 |     6 ||    42
       Punch             |     1 |     3 |     1 ||     5
Throw: Boomerang         |     7 |       |       ||     7
  Use: Scroll            |     4 |     3 |       ||     7
       Potion            |       |     1 |       ||     1
Armor: Leather armour    |     4 |       |       ||     4
       Chain mail        |    21 |    23 |       ||    44
       Plate armour      |       |    81 |    15 ||    96
Dodge: Dodged            |    17 |    63 |    15 ||    95

Table legend:
 A = Non-vault XP
 B = Vault XP
 C = Vault XP percentage of total XP
 D = Non-vault monster count
 E = Vault monster count
 F = Vault count percentage of total count
                 A         B        C        D         E       F
            +---------+---------+-------+---------+---------+-------
      Total |     631 |      55 |   8.0 |      65 |      22 |  25.3
            +---------+---------+-------+---------+---------+-------
        D:1 |      28 |       0 |   0.0 |      14 |       0 |   0.0
        D:2 |      59 |      55 |  48.2 |      14 |      22 |  61.1
        D:3 |      47 |       0 |   0.0 |      14 |       0 |   0.0
        D:4 |     497 |       0 |   0.0 |      23 |       0 |   0.0
            +---------+---------+-------+---------+---------+-------
